Map: Ultralove

Players

Bunny

  • Race: Terran Terran
  • Spawn Location: 1:00

Classic - Winner!

  • Race: Protoss Protoss
  • Spawn Location: 7:00

Event: DreamHack Dallas 2025

VOD

Have the link to the VOD?

Description

Time

  • Played on: May 24, 2025, 3:35 p.m.
  • Length: 6:32

All games in this series

Show
View Real Time Build Order
Export as new Build Order

Bunny Terran 

Build Orders: Reaper Expand 

Get SALT Encoding   

  12  0:00  SCV  
  13  0:12  SCV  
  14  0:16  Supply Depot  
  14  0:24  SCV  
  15  0:38  SCV  
  15  0:39  Barracks  
  15  0:42  Refinery  
  16  0:50  SCV  
  17  1:02  SCV  
  18  1:14  SCV  
  19  1:26  Orbital Command, Reaper  
  20  1:41  Command Center  
  20  1:46  Supply Depot  
  20  1:52  SCV  
  21  1:58  Marine  
  22  2:04  SCV  
  22  2:06  Factory  
  23  2:10  Refinery  
  23  2:16  SCV  
  23  2:19  Barracks Reactor  
  24  2:24  Barracks  
  24  2:28  SCV  
  25  2:40  SCV  
  25  2:44  Barracks  
  26  2:50  Factory Tech Lab  
  25  2:52  SCV  
  25  2:55  Marine x2  
  27  3:01  Orbital Command  
  27  3:04  SCV  
  27  3:12  Cyclone  
  30  3:16  Marine  
  30  3:19  Barracks Tech Lab  
  30  3:21  SCV  
  30  3:24  Marine  
  32  3:27  SCV  
  32  3:31  Barracks Tech Lab  
  32  3:33  SCV  
  33  3:34  Marine  
  33  3:39  Stimpack  
  34  3:45  SCV  
  34  3:48  SCV  
  36  3:51  Marine  
  36  3:52  Marine x2  
  39  3:57  Siege Tank  
  39  4:00  Supply Depot  
  39  4:02  Marine  
  43  4:05  SCV  
  43  4:09  Marine  
  46  4:13  Marine  
  46  4:14  Supply Depot  
  46  4:20  Combat Shield  
  46  4:22  Marine x2  
  48  4:24  SCV  
  48  4:25  SCV  
  48  4:27  Marine  
  48  4:30  Marine  
  52  4:38  Siege Tank  
  55  4:39  Marine x2  
  55  4:41  Supply Depot  
  55  4:43  Supply Depot  
  55  4:45  Marine, SCV  
  59  4:46  SCV  
  59  4:50  Marine  
  61  4:57  SCV  
  62  5:03  Marine x3, SCV  
  62  5:04  Supply Depot  
  66  5:08  Marine  
  66  5:10  Siege Tank  
  66  5:12  SCV  
  71  5:15  SCV  
  71  5:20  Marine x3  
  75  5:23  Supply Depot  
  75  5:29  Marine  
  74  5:38  Marine x3  
  74  5:42  Siege Tank  
  79  5:46  Marine  
  76  5:55  SCV x2  
  76  5:56  Marine x3  
  71  6:04  Marine  
  68  6:14  Marine x3  
  68  6:16  Bunker  
Show
View Real Time Build Order
Export as new Build Order

Classic Protoss - Winner!

Build Orders: 1 Gate Expand, Phoenix Opening, Blink Stalkers 

Get SALT Encoding   

  12  0:00  Probe  
  13  0:12  Probe  
  14  0:17  Pylon  
  14  0:24  Probe  
  15  0:33  Probe  
  15  0:35  Gateway  
  15  0:41  Probe  
  16  0:46  Assimilator  
  17  0:51  Probe  
  18  1:03  Probe  
  19  1:15  Probe  
  20  1:22  Cybernetics Core  
  20  1:33  Nexus  
  20  1:38  Pylon  
  20  1:42  Probe  
  21  1:48  Adept  
  21  1:49  Assimilator  
  21  1:54  Probe  
  21  2:00  Warp Gate  
  24  2:06  Stalker  
  24  2:07  Probe  
  25  2:19  Probe  
  28  2:31  Probe, Twilight Council  
  28  2:32  Stalker  
  31  2:44  Probe  
  31  2:45  Probe  
  31  2:47  Blink  
  33  2:56  Probe  
  33  2:57  Probe  
  35  3:08  Probe  
  35  3:09  Probe  
  35  3:12  Gateway  
  37  3:20  Probe x2  
  39  3:28  Probe  
  39  3:33  Probe  
  41  3:38  Probe  
  41  3:40  Pylon  
  42  3:44  Phoenix  
  42  3:45  Probe  
  41  3:48  Sentry  
  41  3:50  Probe  
  41  3:53  Nexus  
  44  3:58  Pylon  
  44  3:59  Probe  
  45  4:04  Probe  
  45  4:08  Robotics Facility  
  46  4:13  Assimilator  
  46  4:14  Probe  
  46  4:16  Probe  
  48  4:18  Stalker  
  48  4:20  Stalker  
  52  4:27  Gateway  
  52  4:30  Gateway  
  52  4:31  Probe  
  52  4:34  Probe  
  52  4:35  Charge  
  54  4:43  Gateway  
  54  4:45  Gateway  
  54  4:48  Gateway  
  54  4:55  Gateway  
  54  4:58  Sentry, Stalker  
  58  5:07  Probe x2  
  58  5:08  Probe  
  58  5:11  Pylon  
  61  5:21  Stalker x2  
  61  5:22  Stalker  
  61  5:24  Pylon  
  61  5:26  Stalker  
  69  5:38  Zealot  
  69  5:41  Shield Battery  
  71  5:45  Zealot  
  71  5:46  Zealot x2  
  71  5:48  Pylon  
  75  5:50  Pylon  
  75  5:57  Sentry, Zealot x3  
  75  5:59  Zealot  
  83  6:08  Zealot x3  
  85  6:18  Zealot x3  
  85  6:22  Zealot x2  
Tags
 
Add a new tag
Caveats
  • Supply blocks, unpowered buildings, or Contaminate may cause inaccurate times.
  • Supply counts are checked every 10 seconds.